Eddie III, chaotic male orcish Barbarian ------------------------ |..^^^^^^^^^^^^^^^^^^..| |..-------------------.| ----.| ----- |.| |..|`-- --...| |.| |.....|--|.`..| |.| |.```.|..|.``.| |.| --..m`|`....`-- |.| |``o....|`..| ------|.| |.``.|..|.`.| --|.....|.| |.`.`---|`..| |.+.....|.| |.......|..-- |-|.....|.| ----.`..|.-- |.+.....+.| ---.--.| |-|.....|-- |.....| |.+.....| |>.|..| --|.....| ------- ------- Eddie III the Bandit Experience level: 7 Strength: 18 Dexterity: 17 Constitution: 18 Intelligence: 8 Wisdom: 8 Charisma: 7 Health: 0(65) Energy: 9(9) Def: 3 Gold: 873 Moves: 3277 Dungeon seed: 7f_1sR76rfaNQqkE Game ID: Eddie III_1530365140 Your Inventory: Coins $ - 873 gold pieces Weapons a - a +0 two-handed sword b - a +0 axe (weapon in hand) e - 5 +0 darts (in quiver) L - a corroded +0 dagger Armor n - an uncursed +0 orcish helm (being worn) q - an uncursed +0 leather armor (being worn) Comestibles c - 6 uncursed food rations d - 3 uncursed carrots p - an uncursed orange t - an uncursed banana u - an uncursed melon x - an uncursed tin of gnome meat P - an uncursed egg S - 2 uncursed cloves of garlic U - 2 uncursed candy bars W - 3 uncursed fortune cookies Z - an uncursed lichen corpse Scrolls f - an uncursed scroll of teleportation g - a cursed scroll of identify j - an uncursed scroll of create monster s - a blessed scroll of gold detection K - an uncursed scroll of confuse monster R - 2 uncursed scrolls of earth Potions h - an uncursed potion of gain energy k - an uncursed potion of extra healing o - an uncursed potion of water r - an uncursed potion of fruit juice M - a cursed potion of hallucination Rings y - an uncursed ring of slow digestion T - an uncursed ring of cold resistance V - an uncursed ring of poison resistance Wands i - a wand of slow monster (0:3) m - a wand of enlightenment (0:11) v - a wand of speed monster (0:6) Q - a wand of striking (0:1) Tools l - an uncursed skeleton key Spells and supernatural/magical abilities: Name Level Category Fail Memory W - pray for help -- divine ? -- Your skills at the end: Fighting Skills bare handed combat [Basic] Weapon Skills axe [Basic] two-handed sword [Basic] Spellcasting Skills Final Attributes: You were piously aligned. You were poison resistant. You were telepathic. You had infravision. You were held by a giant mimic. You were fast. You were lucky. You are dead. Vanquished creatures: a giant mimic a large mimic a small mimic a leprechaun a gnome king a human zombie 4 soldier ants 2 bugbears 2 mountain nymphs an orc shaman a black naga hatchling an elf zombie a floating eye a kitten 7 rothes 6 killer bees a coyote 3 gas spores 2 hobbits a hobgoblin 4 giant rats 3 cave spiders a brown mold a green mold 9 garter snakes a gnome zombie a gecko 2 jackals a fox a kobold a goblin a sewer rat 4 grid bugs 3 lichens 5 newts 77 creatures vanquished. Voluntary challenges: You were an atheist. You used a wielded weapon 99 times, starting on turn 55. You read items or engraved 2 times, starting on turn 1443. You never genocided any monsters. You never polymorphed an object. You never changed form. You used no wishes. You never split a pudding. You never wrote Elbereth's name. You violated your moral code, losing 29 points of alignment, starting on turn 2037. Dungeon overview: The Dungeons of Doom: levels 1 to 8 Level 1 a long staircase Level 2 Level 3 (closed shop) some fountains Level 4 a general store, many fountains Level 5 a scroll shop, a fountain Level 6 a fountain, a throne Level 7 Level 8 a fountain stairs to Sokoban Sokoban: levels 4 to 7 Level 4 <- You were here Level 5 Level 6 Level 7 stairs to The Dungeons of Doom History has recorded: On T:1 you entered the Dungeons of Doom to retrieve the Amulet of Yendor! On T:126 you reached level 2 of The Dungeons of Doom. On T:177 you reached level 3 of The Dungeons of Doom. On T:437 you reached level 4 of The Dungeons of Doom. On T:472 you advanced to experience level 2. On T:764 you reached level 5 of The Dungeons of Doom. On T:791 you advanced to experience level 3. On T:1080 you advanced to experience level 4. On T:1088 you advanced to experience level 5. On T:1591 you reached level 6 of The Dungeons of Doom. On T:1660 you advanced to experience level 6. On T:1705 you reached level 7 of The Dungeons of Doom. On T:1811 you reached level 8 of The Dungeons of Doom. On T:1946 you reached level 4 of Sokoban. On T:2270 you reached level 3 of Sokoban. On T:2920 you advanced to experience level 7. On T:2945 you reached level 2 of Sokoban. On T:3255 you reached level 1 of Sokoban. Score breakdown: Gold: 873 (10006 points) Experience: 7 levels (13645 points) Exploration: 8 levels ( 15.69%) (11224 points) Discoveries: 8 items ( 3.25%) ( 5410 points) Valuables value: (no points given unless you survive) Artifact value: 0 ( 0 points) Variety of kills: 35 monsters ( 9.19%) ( 9092 points) Turncount: 3277 turns ( -730 points) Survival: died (score multiplied by 80%) Total score: 38917 Latest messages: m - a wand of enlightenment. K - a scroll called PRIR 100. There are a few more objects here. a - a +0 two-handed sword. q - a +0 leather armor. You start equipping your leather armor. You are now wearing a leather armor. x - a tin. y - a wire ring. d - an uncursed carrot. With great effort you move the boulder. c - an uncursed food ration. With great effort you move the boulder. Wait! That's a giant mimic! The giant mimic hits! (2x) You smite the giant mimic. (2x) You smite the giant mimic! (2x) You miss the giant mimic. The giant mimic hits! (2x) You die... Final status: Goodbye Eddie III the Barbarian, killed by a giant mimic... You died in Sokoban on dungeon level 4 with 38917 points, and 873 pieces of gold, after 3277 moves. You were level 7 with a maximum of 65 hit points when you died.